Map: Romanticide LE

Players

RotterdaM

  • Race: Protoss Protoss
  • League: Grandmaster
  • Spawn Location: 11:00

SouLeer - Winner!

  • Race: Zerg Zerg
  • League: Grandmaster
  • Spawn Location: 5:00

Event: DreamHack SC2 Masters 2020 Winter

VOD

Have the link to the VOD?

Description

Time

  • Played on: Oct. 16, 2020, 1:56 p.m.
  • Length: 10:28

All games in this series

Show
View Real Time Build Order
Export as new Build Order

RotterdaM Protoss 

Build Orders: Nexus First, Phoenix Opening 

Get SALT Encoding   

  12  0:00  Probe  
  13  0:12  Probe  
  14  0:18  Pylon  
  14  0:24  Probe (Chrono Boost)  
  15  0:36  Probe (Chrono Boost)  
  16  0:45  Probe (Chrono Boost)  
  17  0:51  Probe  
  18  1:04  Nexus  
  18  1:13  Gateway  
  18  1:16  Probe (Chrono Boost)  
  19  1:23  Assimilator  
  20  1:27  Probe (Chrono Boost)  
  20  1:29  Assimilator  
  20  1:32  Probe (Chrono Boost)  
  20  1:39  Pylon  
  21  1:42  Probe  
  22  1:54  Probe  
  22  2:00  Cybernetics Core  
  23  2:02  Zealot  
  23  2:06  Probe (Chrono Boost)  
  27  2:17  Probe (Chrono Boost)  
  27  2:18  Probe (Chrono Boost)  
  28  2:26  Probe x2 (Chrono Boost)  
  30  2:31  Probe (Chrono Boost)  
  30  2:33  Probe  
  32  2:37  Stargate  
  32  2:40  Adept  
  32  2:43  Probe  
  35  2:51  Probe  
  36  2:56  Shield Battery  
  36  2:58  Probe  
  37  3:03  Assimilator, Probe, Protoss Air Weapons Level 1  
  38  3:10  Probe  
  38  3:11  Void Ray (Chrono Boost)  
  39  3:15  Probe  
  39  3:16  Pylon  
  40  3:24  Pylon, Probe  
  45  3:29  Assimilator, Probe  
  46  3:36  Probe  
  46  3:38  Pylon  
  46  3:41  Probe  
  48  3:47  Phoenix (Chrono Boost)  
  50  3:48  Probe  
  51  3:59  Probe  
  52  4:03  Nexus  
  52  4:08  Pylon  
  52  4:11  Phoenix (Chrono Boost)  
  52  4:16  Probe  
  55  4:17  Probe  
  56  4:27  Fleet Beacon  
  56  4:30  Probe  
  57  4:34  Probe  
  57  4:36  Phoenix  
  60  4:41  Forge  
  60  4:49  Probe (Chrono Boost)  
  61  4:53  Stargate  
  61  4:54  Probe (Chrono Boost)  
  63  5:01  Phoenix  
  63  5:04  Probe x2 (Chrono Boost)  
  66  5:09  Stargate  
  66  5:11  Anion Pulse-Crystals  
  66  5:15  Photon Cannon  
  66  5:17  Probe x2 (Chrono Boost)  
  66  5:18  Probe (Chrono Boost)  
  69  5:27  Probe x2 (Chrono Boost)  
  71  5:29  Probe (Chrono Boost)  
  71  5:32  Protoss Air Weapons Level 2 (Chrono Boost), Probe (Chrono Boost)  
  71  5:34  Photon Cannon  
  73  5:37  Shield Battery, Probe x2  
  75  5:43  Probe  
  75  5:45  Assimilator  
  75  5:48  Assimilator  
  75  5:49  Probe  
  77  5:50  Phoenix  
  77  5:53  Phoenix  
  77  5:54  Probe  
  83  5:57  Probe  
  83  6:01  Probe  
  84  6:04  Photon Cannon  
  84  6:05  Pylon  
  84  6:08  Probe  
  85  6:12  Phoenix  
  85  6:15  Phoenix  
  89  6:20  Probe  
  89  6:21  Probe x2  
  94  6:25  Pylon  
  94  6:26  Phoenix (Chrono Boost)  
  94  6:30  Stargate  
  94  6:33  Probe  
  94  6:39  Phoenix (Chrono Boost)  
  97  6:44  Phoenix (Chrono Boost)  
  99  6:52  Phoenix (Chrono Boost)  
  101  6:56  Carrier (Chrono Boost)  
  105  7:06  Pylon  
  105  7:07  Pylon  
  105  7:09  Pylon  
  105  7:11  Pylon  
  105  7:21  Pylon x2  
  117  7:32  Pylon, Carrier x2 (Chrono Boost)  
  117  7:34  Pylon  
  117  7:37  Photon Cannon  
  117  7:39  Photon Cannon  
  117  7:49  Photon Cannon  
  117  7:51  Photon Cannon  
  117  7:53  Photon Cannon, Carrier (Chrono Boost)  
  117  7:55  Shield Battery  
  121  8:07  Photon Cannon  
  121  8:08  Photon Cannon  
  121  8:10  Photon Cannon  
  126  8:13  Tempest (Chrono Boost)  
  126  8:20  Photon Cannon  
  126  8:21  Photon Cannon  
  132  8:35  Tempest (Chrono Boost)  
  132  8:38  Tempest (Chrono Boost)  
  120  8:51  Phoenix (Chrono Boost)  
  122  8:57  Phoenix (Chrono Boost)  
  120  9:07  Cybernetics Core  
  120  9:09  Pylon  
  124  9:11  Tempest (Chrono Boost), Pylon  
  124  9:13  Pylon  
  106  9:26  Tempest (Chrono Boost)  
  103  9:51  Tempest (Chrono Boost)  
Show
View Real Time Build Order
Export as new Build Order

SouLeer Zerg - Winner!

Build Orders: Hatch First 

Get SALT Encoding   

  12  0:00  Drone  
  13  0:12  Overlord  
  13  0:16  Drone  
  14  0:30  Drone  
  15  0:44  Hatchery  
  15  0:48  Drone  
  15  0:52  Drone  
  15  0:55  Drone  
  17  1:08  Extractor  
  17  1:10  Drone  
  17  1:11  Drone  
  17  1:18  Spawning Pool  
  17  1:21  Drone  
  18  1:31  Drone  
  19  1:44  Drone  
  20  1:53  Overlord  
  20  1:59  Drone  
  21  2:04  Queen x2  
  21  2:05  Drone  
  26  2:09  Drone  
  27  2:16  Drone  
  27  2:19  Drone  
  29  2:28  Hatchery  
  28  2:31  Drone  
  28  2:33  Drone  
  28  2:36  Drone  
  31  2:40  Metabolic Boost  
  31  2:44  Overlord  
  31  2:50  Queen  
  33  2:53  Drone  
  33  2:57  Drone  
  35  2:59  Zergling x2  
  35  3:04  Drone  
  37  3:07  Overlord  
  37  3:12  Drone x3  
  40  3:15  Drone  
  41  3:21  Drone  
  41  3:24  Drone  
  43  3:28  Queen  
  43  3:31  Overlord  
  45  3:35  Drone  
  45  3:39  Queen  
  45  3:40  Drone  
  49  3:44  Drone x5  
  49  3:47  Overlord  
  54  3:49  Drone x2  
  54  3:52  Drone  
  54  3:54  Drone  
  58  3:57  Overlord  
  58  4:04  Lair  
  58  4:05  Queen  
  58  4:07  Drone x2  
  58  4:09  Spore Crawler  
  61  4:12  Overlord  
  61  4:14  Drone  
  62  4:18  Drone x3  
  62  4:21  Drone, Spore Crawler  
  62  4:23  Drone  
  66  4:26  Drone x3  
  66  4:29  Overlord  
  66  4:30  Drone  
  69  4:32  Drone  
  69  4:36  Drone, Extractor  
  69  4:37  Drone x2  
  69  4:38  Extractor  
  71  4:39  Overlord  
  71  4:40  Drone  
  71  4:45  Overlord  
  72  4:48  Drone x3  
  72  4:50  Extractor x2  
  72  4:51  Extractor  
  72  4:53  Drone x3  
  72  4:59  Spore Crawler  
  74  5:03  Spire  
  74  5:04  Drone x5  
  78  5:13  Queen  
  80  5:17  Drone x3  
  80  5:18  Drone  
  84  5:22  Drone x3  
  84  5:26  Spore Crawler  
  84  5:27  Hatchery  
  85  5:32  Hydralisk Den, Overlord  
  85  5:44  Queen  
  85  5:47  Overlord  
  85  5:48  Spore Crawler, Overlord  
  85  5:49  Spore Crawler  
  85  5:50  Spore Crawler  
  85  5:52  Drone x2, Spore Crawler  
  85  5:53  Drone, Spore Crawler x2  
  85  5:56  Spore Crawler  
  83  6:00  Drone x2  
  83  6:01  Evolution Chamber x2  
  83  6:02  Queen  
  85  6:07  Drone x3  
  85  6:08  Drone  
  85  6:10  Drone x2  
  91  6:12  Drone x2  
  93  6:19  Queen  
  93  6:20  Grooved Spines  
  93  6:23  Hydralisk x3  
  101  6:27  Zerg Missile Weapons Level 1  
  101  6:30  Zerg Ground Armor Level 1  
  101  6:31  Hydralisk  
  103  6:36  Hydralisk  
  105  6:41  Hydralisk x2  
  105  6:42  Hydralisk  
  105  6:43  Hydralisk  
  113  6:48  Overlord, Hydralisk  
  113  6:49  Hydralisk  
  113  6:51  Hydralisk  
  119  6:55  Overlord  
  119  6:57  Hydralisk x3  
  122  7:01  Hydralisk x2  
  122  7:04  Hydralisk  
  122  7:06  Hydralisk  
  130  7:09  Hydralisk x2  
  134  7:16  Hydralisk x3  
  134  7:22  Hydralisk x3  
  146  7:24  Overlord  
  146  7:26  Hydralisk  
  146  7:29  Hydralisk  
  148  7:31  Muscular Augments  
  148  7:33  Overlord x2  
  148  7:34  Overlord  
  150  7:43  Hydralisk x4  
  158  7:53  Hydralisk x5  
  158  7:55  Hydralisk x2  
  170  7:58  Hydralisk x2  
  170  8:01  Hydralisk  
  170  8:04  Hydralisk x2  
  176  8:07  Hydralisk x2  
  176  8:10  Hydralisk  
  182  8:16  Overlord  
  174  8:36  Hydralisk x7  
  180  8:42  Hydralisk x2  
  180  8:47  Overlord x2  
  182  8:55  Hydralisk x2  
  180  9:04  Drone x5  
  180  9:05  Unknown, Hydralisk  
  180  9:06  Hydralisk x2  
  180  9:07  Spire  
  187  9:14  Hydralisk x2  
  185  9:19  Hydralisk  
  181  9:24  Hydralisk  
  181  9:25  Hydralisk  
  181  9:28  Hydralisk  
  167  9:35  Hydralisk  
  167  9:36  Hydralisk x2  
  165  9:41  Hydralisk x3  
  168  9:47  Hydralisk x4  
  168  9:50  Hydralisk  
  172  9:54  Hydralisk x2  
  170  10:01  Hydralisk x3  
  170  10:03  Hydralisk  
Tags
 
Add a new tag
Caveats
  • Supply blocks, unpowered buildings, or Contaminate may cause inaccurate times.
  • Supply counts are checked every 10 seconds.